General information
- name: BNet
- type: Ladder team game (AT/RT)
- host: Battle.net
- saver: darkwasp
map: Deadlock
- players: 8
- length: 20:31
- speed: Fast
- version: 1.26 W3XP
- replay type: Public
» download(171 KB)
Players
team 1 (loser)
FindGamesPlz (
pink | 112 APM | 2029 actions | 18:08)
4 Dark Ranger
2 Black Arrow
2 Silence
2 Priestess of the Moon
1 Trueshot Aura
1 Scout
» actions
| Assign group hotkey | 29 | |
| Basic commands | 120 | |
| Build / train | 66 | |
| ESC pressed | 4 | |
| Enter build submenu | 23 | |
| Enter hero's abilities submenu | 6 | |
| Give item / drop item | 1 | |
| Right click | 1197 | |
| Select / deselect | 282 | |
| Select group hotkey | 208 | |
| Use ability | 93 | |
2029 total
» units
| Wisp | 22 | |
| Archer | 6 | |
| Huntress | 1 | |
| Dryad | 2 | |
| Druid of the Claw | 4 | |
35 total
» upgrades
| Ultravision | 1 | |
| Improved Bows | 1 | |
| Abolish Magic | 1 | |
| Strength of the Wild | 1 | |
| Druid of the Claw Training | 2 | |
6 total
» buildings
| Ancient of War | 1 | |
| Moon Well | 5 | |
| Altar of Elders | 1 | |
| Tree of Ages | 1 | |
| Hunter's Hall | 1 | |
| Tree of Life | 1 | |
| Ancient of Wonders | 2 | |
| Ancient of Lore | 5 | |
| Tree of Eternity | 2 | |
| Ancient Protector | 1 | |
20 total
» build order
00:16 Ancient of War
00:30 Moon Well
01:10 Altar of Elders
01:31 Moon Well
03:00 Moon Well
03:40 Tree of Ages
03:45 Hunter's Hall
04:18 Tree of Life
04:59 Moon Well
05:18 Ancient of Wonders
06:30 Ancient of Lore
06:31 Ancient of Lore
09:04 Tree of Eternity
09:05 Tree of Eternity
09:08 Moon Well
09:15 Ancient Protector
12:30 Ancient of Wonders
12:31 Ancient of Lore
12:32 Ancient of Lore
12:35 Ancient of Lore
» items
| Scroll of Town Portal | 4 | |
| Staff of Preservation | 1 | |
| Lesser Clarity Potion | 1 | |
| Moonstone | 1 | |
| Scroll of Healing | 1 | |
| Scroll of Protection | 1 | |
9 total

»
normalice (
yellow | 45 APM | 819 actions | 18:02)
2 Warden
1 Fan of Knives
1 Blink
» actions
| Assign group hotkey | 27 | |
| Basic commands | 39 | |
| Build / train | 65 | |
| Enter build submenu | 17 | |
| Enter hero's abilities submenu | 2 | |
| Give item / drop item | 1 | |
| Remove unit from queue | 1 | |
| Right click | 193 | |
| Select / deselect | 282 | |
| Select group hotkey | 127 | |
| Use ability | 65 | |
819 total
» units
| Wisp | 20 | |
| Huntress | 7 | |
| Druid of the Talon | 19 | |
| Hippogryph | 2 | |
48 total
» upgrades
| Ultravision | 1 | |
| Strength of the Wild | 3 | |
| Reinforced Hides | 2 | |
| Sentinel | 1 | |
| Druid of the Talon Training | 2 | |
| Mark of the Talon | 1 | |
10 total
» buildings
| Moon Well | 5 | |
| Ancient of War | 1 | |
| Hunter's Hall | 1 | |
| Altar of Elders | 1 | |
| Ancient Protector | 3 | |
| Tree of Ages | 1 | |
| Ancient of Wind | 5 | |
| Ancient of Wonders | 1 | |
| Tree of Eternity | 1 | |
19 total
» build order
00:37 Moon Well
01:13 Ancient of War
01:17 Hunter's Hall
01:26 Altar of Elders
01:47 Moon Well
03:20 Ancient Protector
05:04 Tree of Ages
05:32 Moon Well
07:35 Ancient of Wind
07:36 Ancient of Wind
07:38 Ancient of Wind
07:41 Ancient Protector
07:47 Ancient of Wonders
08:45 Tree of Eternity
11:01 Moon Well
14:55 Ancient of Wind
15:00 Ancient of Wind
15:29 Ancient Protector
15:51 Moon Well
» items
le_nombre (
blue | 43 APM | 855 actions | 20:05)
4 Blademaster
2 Critical Strike
1 Wind Walk
1 Mirror Image
3 Shadow Hunter
2 Healing Wave
1 Hex
» actions
| Build / train | 78 | |
| Enter build submenu | 22 | |
| Enter hero's abilities submenu | 7 | |
| Give item / drop item | 4 | |
| Right click | 372 | |
| Select / deselect | 306 | |
| Use ability | 66 | |
855 total
» units
| Peon | 17 | |
| Wind Rider | 16 | |
| Shaman | 10 | |
| Tauren | 6 | |
49 total
» upgrades
| Shaman Training | 2 | |
| Ranged Weapons | 1 | |
| Envenomed Spears | 1 | |
| Spiked Barricades | 1 | |
5 total
» buildings
| War Mill | 1 | |
| Orc Burrow | 6 | |
| Altar of Storms | 1 | |
| Voodoo Lounge | 1 | |
| Stronghold | 1 | |
| Watch Tower | 9 | |
| Beastiary | 1 | |
| Spirit Lodge | 1 | |
| Great Hall | 1 | |
| Fortress | 1 | |
| Tauren Totem | 1 | |
24 total
» build order
00:07 War Mill
00:11 Orc Burrow
00:34 Altar of Storms
01:04 Voodoo Lounge
02:22 Stronghold
02:51 Orc Burrow
03:47 Watch Tower
04:43 Beastiary
04:49 Spirit Lodge
05:18 Orc Burrow
07:38 Great Hall
08:47 Fortress
14:35 Watch Tower
14:37 Watch Tower
14:48 Watch Tower
15:04 Orc Burrow
15:24 Watch Tower
16:08 Tauren Totem
16:10 Watch Tower
17:04 Watch Tower
18:18 Watch Tower
18:53 Orc Burrow
18:58 Orc Burrow
19:24 Watch Tower
» items
| Healing Salve | 3 | |
| Lesser Clarity Potion | 1 | |
| Dust of Appearance | 1 | |
| Potion of Mana | 1 | |
| Scroll of Town Portal | 5 | |
| Orb of Lightning | 1 | |
| Potion of Healing | 1 | |
13 total
matrixdestroyer (
teal | 50 APM | 1015 actions | 20:29)
4 Mountain King
2 Storm Bolt
1 Bash
1 Thunder Clap
2 Paladin
1 Holy Light
1 Divine Shield
» actions
| Basic commands | 5 | |
| Build / train | 97 | |
| Enter build submenu | 33 | |
| Enter hero's abilities submenu | 6 | |
| Right click | 321 | |
| Select / deselect | 488 | |
| Use ability | 65 | |
1015 total
» units
| Peasant | 18 | |
| Footman | 10 | |
| Sorceress | 6 | |
| Spell Breaker | 2 | |
| Priest | 2 | |
| Knight | 8 | |
| Flying Machine | 8 | |
54 total
» upgrades
| Defend | 1 | |
| Swords | 2 | |
| Lumber Harvesting | 2 | |
| Plating | 2 | |
| Sorceress Training | 2 | |
| Priest Training | 2 | |
| Control Magic | 1 | |
| Magic Sentry | 1 | |
| Animal War Training | 1 | |
| Flak Cannons | 1 | |
| Flying Machine Bombs | 1 | |
| Gunpowder | 1 | |
17 total
» buildings
| Barracks | 1 | |
| Altar of Kings | 1 | |
| Scout Tower | 3 | |
| Farm | 12 | |
| Arcane Tower | 1 | |
| Lumber Mill | 2 | |
| Town Hall | 1 | |
| Guard Tower | 1 | |
| Arcane Vault | 2 | |
| Keep | 1 | |
| Blacksmith | 1 | |
| Castle | 1 | |
| Arcane Sanctum | 2 | |
| Workshop | 3 | |
32 total
» build order
00:10 Barracks
00:16 Altar of Kings
00:21 Scout Tower
00:38 Farm
01:39 Arcane Tower
01:53 Farm
02:03 Farm
02:57 Lumber Mill
03:02 Scout Tower
03:13 Scout Tower
03:17 Farm
04:50 Town Hall
05:01 Guard Tower
05:08 Arcane Vault
05:45 Keep
06:23 Blacksmith
06:31 Farm
07:27 Farm
07:41 Arcane Vault
08:06 Farm
08:09 Castle
08:19 Arcane Sanctum
08:40 Arcane Sanctum
11:30 Lumber Mill
12:32 Farm
13:15 Farm
13:56 Farm
15:04 Farm
17:02 Farm
17:07 Workshop
17:16 Workshop
17:45 Workshop
» items
| Boots of Speed | 2 | |
| Scroll of Regeneration | 3 | |
| Lesser Clarity Potion | 1 | |
| Scroll of Town Portal | 5 | |
| Potion of Healing | 2 | |
| Orb of Fire | 1 | |
14 total
team 2 (winner)
Nova]SuJu (
green | 59 APM | 1213 actions | 20:30)
5 Death Knight
3 Death Coil
1 Unholy Aura
1 Death Pact
3 Lich
2 Frost Nova
1 Frost Armor
3 Crypt Lord
1 Spiked Carapace
2 Carrion Beetles
» actions
| Assign group hotkey | 27 | |
| Basic commands | 50 | |
| Build / train | 63 | |
| Enter build submenu | 20 | |
| Enter hero's abilities submenu | 11 | |
| Give item / drop item | 2 | |
| Right click | 388 | |
| Select / deselect | 160 | |
| Select group hotkey | 445 | |
| Use ability | 47 | |
1213 total
» units
| Acolyte | 13 | |
| Ghoul | 3 | |
| Crypt Fiend | 11 | |
| Frost Wyrm | 4 | |
31 total
» upgrades
| Creature Attack | 3 | |
| Web | 1 | |
| Creature Carapace | 2 | |
| Freezing Breath | 1 | |
7 total
» buildings
| Graveyard | 1 | |
| Crypt | 2 | |
| Altar of Darkness | 1 | |
| Ziggurat | 10 | |
| Tomb of Relics | 1 | |
| Nerubian Tower | 3 | |
| Necropolis | 1 | |
| Halls of the Dead | 1 | |
| Black Citadel | 1 | |
| Spirit Tower | 2 | |
| Sacrificial Pit | 1 | |
| Boneyard | 2 | |
26 total
» build order
00:10 Graveyard
00:14 Crypt
00:44 Altar of Darkness
01:01 Ziggurat
01:28 Tomb of Relics
02:03 Ziggurat
02:35 Nerubian Tower
03:50 Ziggurat
04:57 Necropolis
05:52 Halls of the Dead
06:59 Ziggurat
07:13 Ziggurat
07:27 Ziggurat
07:53 Nerubian Tower
09:03 Ziggurat
09:24 Ziggurat
09:31 Ziggurat
09:35 Nerubian Tower
10:10 Black Citadel
10:15 Spirit Tower
10:36 Spirit Tower
10:39 Ziggurat
11:29 Crypt
12:57 Sacrificial Pit
14:06 Boneyard
14:08 Boneyard
» items
| Rod of Necromancy | 1 | |
| Potion of Healing | 1 | |
| Orb of Corruption | 1 | |
| Scroll of Town Portal | 1 | |
4 total
darkwasp (
orange | 127 APM | 2614 actions | 20:31)
4 Mountain King
2 Storm Bolt
1 Bash
1 Thunder Clap
3 Paladin
2 Holy Light
1 Divine Shield
3 Archmage
2 Brilliance Aura
1 Summon Water Elemental
» actions
| Assign group hotkey | 590 | |
| Basic commands | 40 | |
| Build / train | 67 | |
| Enter build submenu | 23 | |
| Enter hero's abilities submenu | 12 | |
| Give item / drop item | 2 | |
| Right click | 1020 | |
| Select / deselect | 329 | |
| Select group hotkey | 435 | |
| Use ability | 96 | |
2614 total
» units
| Peasant | 14 | |
| Rifleman | 10 | |
| Knight | 6 | |
30 total
» upgrades
| Gunpowder | 3 | |
| Armor | 1 | |
| Plating | 3 | |
| Long Rifles | 1 | |
| Masonry | 1 | |
| Swords | 1 | |
10 total
» buildings
| Altar of Kings | 1 | |
| Farm | 12 | |
| Blacksmith | 1 | |
| Barracks | 2 | |
| Arcane Vault | 1 | |
| Keep | 2 | |
| Castle | 1 | |
| Lumber Mill | 1 | |
| Town Hall | 1 | |
22 total
» build order
00:07 Altar of Kings
00:10 Farm
00:20 Farm
01:01 Farm
01:27 Blacksmith
01:30 Barracks
01:54 Farm
02:05 Arcane Vault
02:45 Farm
03:36 Keep
03:36 Keep
05:33 Farm
05:50 Barracks
06:08 Farm
06:31 Castle
08:50 Farm
08:59 Lumber Mill
10:13 Town Hall
11:15 Farm
15:07 Farm
17:08 Farm
» items
| Scroll of Regeneration | 4 | |
| Lesser Clarity Potion | 5 | |
| Potion of Mana | 1 | |
| Scroll of Town Portal | 1 | |
11 total
MusicCityMurder (
red | 61 APM | 1242 actions | 20:30)
5 Mountain King
3 Storm Bolt
2 Bash
4 Paladin
2 Holy Light
2 Devotion Aura
» actions
| Assign group hotkey | 29 | |
| Basic commands | 87 | |
| Build / train | 83 | |
| ESC pressed | 5 | |
| Enter build submenu | 21 | |
| Enter hero's abilities submenu | 9 | |
| Right click | 303 | |
| Select / deselect | 145 | |
| Select group hotkey | 448 | |
| Use ability | 112 | |
1242 total
» units
| Peasant | 21 | |
| Footman | 4 | |
| Rifleman | 1 | |
| Gryphon Rider | 6 | |
| Knight | 3 | |
| Dragonhawk Rider | 1 | |
36 total
» upgrades
| Defend | 1 | |
| Swords | 3 | |
| Armor | 3 | |
| Animal War Training | 1 | |
| Storm Hammers | 1 | |
| Plating | 2 | |
| Cloud | 1 | |
12 total
» buildings
| Altar of Kings | 1 | |
| Lumber Mill | 1 | |
| Barracks | 1 | |
| Farm | 13 | |
| Arcane Vault | 1 | |
| Keep | 1 | |
| Town Hall | 3 | |
| Blacksmith | 1 | |
| Scout Tower | 4 | |
| Castle | 1 | |
| Guard Tower | 4 | |
| Gryphon Aviary | 3 | |
34 total
» build order
00:21 Altar of Kings
00:29 Lumber Mill
00:41 Barracks
00:51 Farm
01:06 Farm
02:05 Farm
03:13 Arcane Vault
04:10 Keep
04:28 Town Hall
04:55 Blacksmith
05:59 Farm
06:00 Farm
06:01 Farm
06:23 Scout Tower
06:25 Scout Tower
06:26 Scout Tower
06:28 Scout Tower
06:39 Castle
07:21 Guard Tower
07:42 Guard Tower
08:02 Guard Tower
08:46 Gryphon Aviary
08:46 Gryphon Aviary
08:53 Gryphon Aviary
09:13 Farm
09:13 Farm
09:14 Farm
10:34 Guard Tower
11:17 Town Hall
14:05 Farm
14:05 Farm
14:44 Farm
14:45 Farm
15:24 Town Hall
» items
| Lesser Clarity Potion | 3 | |
| Scroll of Regeneration | 3 | |
| Scroll of Town Portal | 3 | |
| Potion of Lesser Invulnerability | 1 | |
| Periapt of Vitality | 1 | |
| Circlet of Nobility | 1 | |
| Scroll of Healing | 2 | |
| Orb of Corruption | 1 | |
| Potion of Healing | 1 | |
| Potion of Mana | 1 | |
17 total

»
Lazy_Dane3 (
purple | 44 APM | 905 actions | 20:30)
6 Crypt Lord
3 Spiked Carapace
2 Impale
1 Locust Swarm
» actions
| Basic commands | 6 | |
| Build / train | 69 | |
| Enter build submenu | 20 | |
| Enter hero's abilities submenu | 6 | |
| Remove unit from queue | 5 | |
| Right click | 418 | |
| Select / deselect | 347 | |
| Use ability | 34 | |
905 total
» units
| Acolyte | 15 | |
| Ghoul | 6 | |
| Crypt Fiend | 16 | |
| Frost Wyrm | 5 | |
42 total
» upgrades
| Creature Attack | 3 | |
| Creature Carapace | 1 | |
| Web | 1 | |
| Burrow | 0 | |
5 total
» buildings
| Crypt | 1 | |
| Ziggurat | 9 | |
| Altar of Darkness | 1 | |
| Graveyard | 1 | |
| Nerubian Tower | 1 | |
| Spirit Tower | 3 | |
| Halls of the Dead | 1 | |
| Tomb of Relics | 1 | |
| Black Citadel | 1 | |
| Sacrificial Pit | 1 | |
| Boneyard | 2 | |
22 total
» build order
00:08 Crypt
00:12 Ziggurat
00:33 Altar of Darkness
01:08 Ziggurat
01:27 Graveyard
02:11 Ziggurat
02:30 Nerubian Tower
03:54 Ziggurat
06:10 Spirit Tower
06:13 Halls of the Dead
06:54 Tomb of Relics
07:04 Ziggurat
08:13 Spirit Tower
12:49 Black Citadel
14:11 Ziggurat
14:13 Ziggurat
14:15 Sacrificial Pit
15:21 Boneyard
15:29 Spirit Tower
17:05 Ziggurat
17:06 Ziggurat
17:08 Boneyard
» items
| Circlet of Nobility | 1 | |
| Scroll of Town Portal | 2 | |
| Scroll of Healing | 1 | |
4 total
Chat log
(00:07 / Allies) MusicCityMurder: sup
(00:12 / Allies) MusicCityMurder: foot to gryphs
(00:17 / Allies) Lazy_Dane3: i only get ud on this map
(00:18 / Allies) Lazy_Dane3: 100 gold please
(04:57 / All) normalice: hack
(05:01 / All) Lazy_Dane3: spikes :)
(05:02 / All) darkwasp: what the fuck was that
(05:04 / All) Lazy_Dane3: PWNED
(05:10 / Allies) Nova]SuJu: ?
(05:11 / All) Lazy_Dane3: wait what?
(05:14 / All) darkwasp: did you see that
(05:17 / All) darkwasp: huntress
(05:18 / All) normalice: that was either a hack or very good memory
(05:19 / All) Lazy_Dane3: those jumping hunts?
(05:26 / All) darkwasp: the hunt on speed
(05:27 / All) darkwasp: yeah
(05:34 / All) Lazy_Dane3: yeah wtf was that?
(06:19 / Allies) Lazy_Dane3: oj
(06:22 / Allies) darkwasp: sup
(06:23 / Allies) Lazy_Dane3: nvm
(06:26 / Allies) Lazy_Dane3: gonna ask for that intel
(06:29 / Allies) Lazy_Dane3: agil
(06:31 / Allies) Lazy_Dane3: i mean
(06:34 / Allies) Lazy_Dane3: was gonna give me an armor point
(08:04 / Allies) Lazy_Dane3: no tp...
(08:09 / Allies) Lazy_Dane3: gotta get one
(09:34 / Allies) MusicCityMurder: pink thre
(09:50 / Allies) Lazy_Dane3: seeing talons
(09:54 / Allies) MusicCityMurder: pinch
(10:38 / Allies) Lazy_Dane3: b
(10:40 / Allies) darkwasp: 3 here
(10:49 / Allies) MusicCityMurder: lores
(11:25 / Allies) Lazy_Dane3: hit him hard
(11:33 / Allies) darkwasp: any gold?
(11:44 / Allies) Lazy_Dane3: you have an expo...
(11:53 / Allies) darkwasp: not yet
(12:36 / Allies) Lazy_Dane3: hey there oj
(15:04 / All) MusicCityMurder: this is how we do it, gg
(16:27 / All) Lazy_Dane3: gg
(16:54 / All) MusicCityMurder: funny
(17:58 / All) normalice: gotta love allies who can't handle split rushes :-/
(18:07 / All) FindGamesPlz: what a jerk